 Dungeon Crawl Stone Soup version 0.22.0-60-ga52c2fc (webtiles) character file.

8399 marrkus the Unseen (level 11, 0/68 HPs)
             Began as a Vampire Enchanter on Sept 9, 2018.
             Was a Believer of Dithmenos.
             Slain by a vampire (8 damage)
             ... on level 11 of the Dungeon.
             The game lasted 00:57:53 (9552 turns).

marrkus the Unseen (Vampire Enchanter)              Turns: 9552, Time: 00:57:54

Health: 0/68       AC:  6    Str:  7    XL:     11   Next: 9%
Magic:  1/23       EV: 13    Int: 18    God:    Dithmenos [**....]
Gold:   460        SH:  0    Dex: 18    Spells: 5/14 levels left

rFire    + . .     SeeInvis +   p - +1 short sword (drain)
rCold    + . .     Gourm    .   (no shield)
rNeg     + + .     Faith    .   R - +1 robe {rF+}
rPois    +         Spirit   .   W - +1 hat
rElec    .         Reflect  .   m - scarf {repulsion}
rCorr    .         Harm     .   (no gloves)
MR       +....                  A - +1 pair of boots
Stlth    +++++++++.             (no amulet)
HPRegen  0.10/turn              (no ring)
MPRegen  0.18/turn              i - ring of magical power

@: very slightly contaminated, regenerating slowly, wreathed by umbra, repel
missiles
A: fangs 3, see invisible, unbreathing
a: Bat Form, Shadow Step, Renounce Religion


You were on level 11 of the Dungeon.
You worshipped Dithmenos.
Dithmenos was pleased with you.
You were very thirsty.

You visited 2 branches of the dungeon, and saw 12 of its levels.

You collected 460 gold pieces.

Inventory:

Hand Weapons
 a - a +1 dagger
 p - a +1 short sword of draining (weapon)
 x - a +0 dagger of chaos
 J - a +3 falchion
 K - a +1 scimitar
 N - a +4 short sword
Missiles
 c - 319 stones
 g - 20 tomahawks (quivered)
 L - 2 throwing nets
Armour
 b - a +0 robe
 m - a scarf of repulsion (worn)
 w - a +1 ring mail of cold resistance
 A - a +1 pair of boots (worn)
 E - the +1 ring mail of the Crypt {rN+ Slay+3}
   (You found it on level 5 of the Dungeon)

   It affects your accuracy and damage with ranged weapons and melee attacks
   (+3).
   It protects you from negative energy.
 R - a +1 robe of fire resistance (worn)
 W - a +1 hat (worn)
Jewellery
 i - a ring of magical power (right hand)
 s - an uncursed ring of flight
 D - an uncursed ring of ice
 T - an uncursed amulet of the gourmand {unknown}
Wands
 o - a wand of acid (6)
 I - a wand of disintegration (11)
 P - a wand of paralysis (10)
 Q - a wand of enslavement (11)
 U - a wand of flame (5)
 V - a wand of clouds (7)
Scrolls
 e - 10 scrolls of teleportation
 f - a scroll of fear
 h - 2 scrolls of fog
 j - 2 scrolls of immolation {unknown}
 k - 7 scrolls of identify
 n - 2 scrolls of remove curse
 q - 5 scrolls of enchant armour
 u - 2 scrolls of magic mapping
 y - 2 scrolls of noise {unknown}
 B - 2 scrolls of random uselessness {unknown}
 C - 2 scrolls of amnesia {unknown}
 M - a scroll of enchant weapon {unknown}
Potions
 d - 14 potions of blood
 l - 2 potions of cancellation
 r - a potion of curing
 t - 5 potions of brilliance
 v - 2 potions of lignification {unknown}
 z - 2 potions of ambrosia {unknown}
 F - 2 potions of agility
 G - 2 potions of degeneration {unknown}
 H - a potion of haste {unknown}
 O - 2 potions of magic {unknown}
 S - a potion of mutation {unknown}
 X - a potion of heal wounds {unknown}


   Skills:
 + Level 12.9 Short Blades
 - Level 2.1 Dodging
 + Level 16.7 Stealth
 - Level 2.0 Spellcasting
 - Level 8.0 Hexes


You had 5 spell levels left.
You knew the following spells:

 Your Spells              Type           Power        Failure   Level  Hunger
a - Corona                Hex            ####...      1%          1    #......
b - Ensorcelled Hibernat  Hex/Ice        ###...       5%          2    ###....
c - Confuse               Hex            ####....     1%          3    ###....
d - Dazzling Spray        Conj/Hex       ###...       11%         3    ###....

Your spell library contained the following spells:

 Spells                   Type           Power        Failure   Level  Hunger
 Slow                     Hex            ####....     1%          2    ###....
 Tukima's Dance           Hex            ####....     1%          3    ###....
 Magic Dart               Conj           #...         19%         1    #......
 Shock                    Conj/Air       #...         19%         1    #......
 Blink                    Tloc           N/A          26%         2    ###....
 Call Imp                 Summ           #.......     26%         2    ###....
 Swiftness                Chrm/Air       #.......     26%         2    ###....
 Conjure Flame            Conj/Fire      #.......     47%         3    ###....
 Mephitic Cloud           Conj/Pois/Air  #.......     47%         3    ###....
 Static Discharge         Conj/Air       #.......     47%         3    ###....
 Airstrike                Air            #.........   87%         4    #####..
 Lightning Bolt           Conj/Air       #.........   99%         5    ######.


Dungeon Overview and Level Annotations

Branches:
Dungeon (11/15)            Temple (1/1) D:6            Lair (0/6) D:11
    Orc (0/2) D:9

Altars:
Cheibriados
Dithmenos
Elyvilon
Fedhas
Gozag
Hepliaklqana
Kikubaaqudgha
Makhleb
Nemelex Xobeh
Okawaru
Qazlal
Ru
Sif Muna
Trog
Uskayaw
Vehumet
Wu Jian
Xom
Yredelemnul
Zin
The Shining One

Shops:
D:4 }


Innate Abilities, Weirdness & Mutations

You heal slowly.
You have razor-sharp teeth.
You have supernaturally acute eyesight. (SInv)
You can survive without breathing.


Message History

Yummy - fresh blood!
You are feeling very thirsty.
The vampire closely misses you. x2
Okay, then.
Casting: Confuse (safe; 1% risk of failure)
Confirm with . or Enter, or press ? or * to list all spells.
You don't know that spell.
Casting: Confuse (safe; 1% risk of failure)
Confirm with . or Enter, or press ? or * to list all spells.
Okay, then.
Okay, then.
That item cannot be evoked!
Okay, then.
Aiming: Paralyse
Press: ? - help, Shift-Dir - straight line, f - vampire, p - vampire mosquito
Aim: a vampire (umbra, chance to defeat MR: 28%)
The vampire easily resists.
The vampire completely misses you. The vampire bites you!
You die...

,*,,###.,...,...........#
,*,,,...*#.#*.......)...#
,,.,#*#.##.#*#..........#########
,,..#.#..#.# ##.......#..#...÷.).
,,.........###............(.#####
,,..o.....))).........###<######
,,,,##.....)##.##.##..# #).....##
,,,,,#..##g.#..##.#...########..#
,,,...#.##....#V@........## ##.#
,,.<.,#.........>.........## #..
,,.,,,#..#..#..............####..
,,,,,,>..#......................#
,,,,,,..,#..............(......##
,,,,,..........................#
∩,,,,,.........................#
,,,,,,.........................#
,,,,,,.........................#


You could see a vampire.

Vanquished Creatures
  A two-headed ogre (D:8)
  A centaur warrior (D:11)
  Pikel (D:8)
  A manticore (D:11)
  A cyclops (D:11)
  A troll (D:8)
  A tyrant leech (D:11)
  A vampire (D:11)
  A human (D:9)
  Grum (D:11)
  3 hogs (D:9)
  2 vampire mosquitoes (D:11)
  4 wargs (D:9)
  3 orc warriors
  3 phantoms
  3 sky beasts
  2 ogres
  5 centaurs
  3 wolves (D:11)
  A big kobold (D:5)
  4 bullfrogs
  2 gnoll sergeants
  2 scorpions (D:7)
  A killer bee (D:11)
  5 wights (D:7)
  9 howler monkeys
  A centaur zombie (D:11)
  3 crimson imps
  2 bullfrog zombies
  2 bullfrog skeletons
  A jelly (D:7)
  6 orc wizards
  6 orc priests
  4 hounds
  2 iguanas
  5 worker ants
  A killer bee zombie (D:8)
  A worker ant zombie (D:9)
  Robin (D:2)
  15 gnolls
  6 adders
  A shadow imp (D:8)
  An ooze (D:6)
  3 adder skeletons
  2 worms
  4 dart slugs
  4 leopard geckos
  29 orcs
  6 ball pythons
  4 giant cockroaches
  18 goblins
  8 hobgoblins
  4 jackals (D:6)
  4 quokkas
  8 bats
  6 frilled lizards
  A jackal zombie (D:7)
  6 kobolds
  A leopard gecko skeleton (D:4)
  2 rats
230 creatures vanquished.

Vanquished Creatures (others)
  A slave (D:8)
  2 orcs (D:8)
3 creatures vanquished.

Grand Total: 233 creatures vanquished

Notes
Turn   | Place    | Note
-------+----------+-------------------------------------------
     0 | D:1      | marrkus the Vampire Enchanter began the quest for the Orb.
     0 | D:1      | Reached XP level 1. HP: 13/13 MP: 3/3
   621 | D:1      | Reached skill level 5 in Stealth
   621 | D:1      | Reached XP level 2. HP: 8/19 MP: 3/5
   823 | D:1      | Learned a level 2 spell: Ensorcelled Hibernation
  1556 | D:2      | Reached XP level 3. HP: 24/24 MP: 6/6
  1562 | D:2      | Reached skill level 6 in Stealth
  1664 | D:2      | Learned a level 3 spell: Confuse
  1671 | D:2      | Reached XP level 4. HP: 30/30 MP: 7/7
  1790 | D:2      | Noticed Robin
  1793 | D:2      | Killed Robin
  2397 | D:3      | Reached skill level 7 in Stealth
  2397 | D:3      | Reached XP level 5. HP: 23/35 MP: 4/8
  2871 | D:3      | Found a bloodstained altar of Trog.
  3107 | D:4      | Found Fegoded's Gadget Emporium.
  3112 | D:4      | Reached skill level 5 in Hexes
  3153 | D:4      | Found a glowing golden altar of the Shining One.
  3260 | D:4      | Found an ornate altar of the Wu Jian Council.
  3331 | D:4      | Found a shimmering altar of Xom.
  3332 | D:4      | Found a burning altar of Makhleb.
  3336 | D:4      | Reached XP level 6. HP: 41/41 MP: 9/9
  3669 | D:4      | Found a snail-covered altar of Cheibriados.
  3766 | D:5      | Entered Level 5 of the Dungeon
  3775 | D:5      | Reached skill level 5 in Short Blades
  3796 | D:5      | Got a brightly glowing ring mail
  3807 | D:5      | Identified the cursed +1 ring mail of the Crypt {rN+
                  | Slay+3} (You found it on level 5 of the Dungeon)
  3915 | D:5      | Found a snail-covered altar of Cheibriados.
  3918 | D:5      | Found a glowing silver altar of Zin.
  3921 | D:5      | Found a sparkling altar of Nemelex Xobeh.
  3924 | D:5      | Found a blossoming altar of Fedhas.
  3993 | D:5      | Found a hide-covered altar of Uskayaw.
  4056 | D:5      | Reached XP level 7. HP: 46/46 MP: 10/10
  4081 | D:5      | Learned a level 3 spell: Dazzling Spray
  4782 | D:6      | Found a staircase to the Ecumenical Temple.
  4788 | Temple   | Entered the Ecumenical Temple
  4902 | Temple   | Became a worshipper of Dithmenos the Shadowed
  5099 | D:6      | Reached skill level 8 in Stealth
  5641 | D:7      | Reached XP level 8. HP: 51/52 MP: 11/11
  5776 | D:7      | Reached skill level 9 in Stealth
  6388 | D:7      | Reached skill level 10 in Stealth
  6645 | D:7      | Reached * piety under Dithmenos
  6720 | D:7      | Reached skill level 11 in Stealth
  6842 | D:8      | Reached XP level 9. HP: 42/57 MP: 12/12
  7096 | D:8      | Reached skill level 12 in Stealth
  7222 | D:8      | Noticed a troll
  7234 | D:8      | Killed a troll
  7245 | D:8      | Noticed a two-headed ogre
  7263 | D:8      | Reached skill level 10 in Short Blades
  7276 | D:8      | Killed a two-headed ogre
  7276 | D:8      | Reached skill level 13 in Stealth
  7277 | D:8      | Noticed Pikel
  7280 | D:8      | Reached ** piety under Dithmenos
  7302 | D:8      | Killed Pikel
  7497 | D:8      | Reached skill level 14 in Stealth
  7497 | D:8      | Reached XP level 10. HP: 36/63 MP: 2/13
  8222 | D:9      | Found a sacrificial altar of Ru.
  8419 | D:9      | Found a staircase to the Orcish Mines.
  8555 | D:9      | Reached skill level 15 in Stealth
  8567 | D:10     | Entered Level 10 of the Dungeon
  8791 | D:11     | Noticed a cyclops
  8816 | D:11     | Noticed a green ugly thing
  8853 | D:11     | Killed a cyclops
  8878 | D:11     | Noticed a manticore
  8944 | D:11     | Noticed Grum
  8993 | D:11     | Killed a manticore
  8993 | D:11     | Reached skill level 16 in Stealth
  9317 | D:11     | Noticed a centaur warrior
  9342 | D:11     | Killed a centaur warrior
  9342 | D:11     | Reached XP level 11. HP: 68/68 MP: 7/14
  9503 | D:11     | Killed Grum
  9552 | D:11     | Slain by a vampire

Skill      XL: |  1  2  3  4  5  6  7  8  9 10 |
---------------+-------------------------------+-----
Stealth        | 5 6 7 8 11 14 16 | 16.7
Short Blades   | 2 3 4 5 7 9 11 12 | 12.9
Hexes          | 5 7 8 |  8.0
Dodging        | |  2.1
Spellcasting   | |  2.0

Action                   |  1- 3 |  4- 6 |  7- 9 | 10-12 || total
-------------------------+-------+-------+-------+-------++-------
Melee: Dagger            |    58 |    45 |       |       ||   103
       Bite              |     3 |     5 |    30 |    27 ||    65
       Short sword       |       |    85 |   330 |   250 ||   665
Throw: Tomahawk          |       |     3 |     6 |       ||     9
 Cast: Corona            |     3 |       |       |       ||     3
       Ensorcelled Hiber |     3 |    17 |    24 |    16 ||    60
       Confuse           |       |       |    32 |    24 ||    56
       Dazzling Spray    |       |       |     5 |    10 ||    15
Invok: Shadow Step       |       |       |       |     2 ||     2
 Abil: End Transformatio |       |       |     1 |       ||     1
       Bat Form          |       |       |     1 |       ||     1
Evoke: Wand              |       |       |       |     1 ||     1
  Use: Scroll            |       |     7 |     3 |     1 ||    11
       Potion            |       |       |     1 |     7 ||     8
 Stab: Sleeping          |    13 |    34 |    22 |    15 ||    84
       Distracted        |     1 |     1 |       |       ||     2
       Confused          |       |       |    12 |    12 ||    24
       Invisible         |       |       |     1 |     7 ||     8
  Eat: Corpse            |       |       |     1 |     1 ||     2
Armor: Robe              |    12 |    17 |    25 |    31 ||    85
       Ring mail         |       |     3 |       |       ||     3
Dodge: Dodged            |    32 |    54 |   154 |   172 ||   412
       Deflected         |       |       |     8 |     5 ||    13
